 Dungeon Crawl Stone Soup version 0.28.0-45-g0d030f2227 (webtiles) character file.

Game seed: 732796352804748821

1100 MisterFreud the Spear-Bearer (level 8, 0/72 HPs)
             Began as a Naga Fighter on Apr 25, 2022.
             Slain by an ogre
             ... wielding a +0 giant club
              (30 damage)
             ... on level 6 of the Dungeon.
             The game lasted 00:06:19 (6590 turns).

MisterFreud the Spear-Bearer (Naga Fighter)         Turns: 6590, Time: 00:06:20

Health: 0/72       AC:  7    Str: 22      XL:     8   Next: 32%
Magic:  8/8        EV:  7    Int:  8      God:
Gold:   312        SH:  4    Dex:  9 (10) Spells: 7/7 levels left

rFire   + . .      SeeInvis +   a - +1 trident
rCold   + . .      Faith    +   c - +0 buckler
rNeg    . . .      Spirit   .   b - +0 scale mail
rPois   +          Reflect  .   m - +0 helmet
rElec   .          Harm     .   n - scarf {rC+ rF+}
rCorr   .          Rampage  .   (no gloves)
Will    +++..                   (no barding)
Stlth   ..........              r - amulet of faith
HPRegen 0.22/turn               t - ring of willpower
MPRegen 0.11/turn               l - ring of willpower

@: short of breath, very slow
A: AC +2, large, see invisible, deformed body, poison resistance, slowness 2,
spit poison 1, naga tail 1
a: Spit Poison


You were on level 6 of the Dungeon.
You visited 1 branch of the dungeon, and saw 6 of its levels.

You collected 312 gold pieces.

Inventory:

Hand Weapons
 a - a +1 trident (weapon)
Missiles
 d - 6 javelins
 f - 15 poisoned darts
 u - 2 throwing nets
Armour
 b - a +0 scale mail (worn)
 c - a +0 buckler (worn)
 m - a +0 helmet (worn)
 n - a scarf of resistance (worn)
Jewellery
 k - a +6 ring of dexterity
 l - a ring of willpower (right hand)
 q - an amulet of guardian spirit
 r - an amulet of faith (around neck)
 t - a ring of willpower (left hand)
Wands
 z - a wand of flame (21)
Scrolls
 e - 2 scrolls of enchant weapon
 g - 2 scrolls of magic mapping
 j - a scroll of holy word
 s - 3 scrolls of fog
 w - a scroll of teleportation
Potions
 h - 2 potions of berserk rage
 i - 3 potions of curing
 p - 2 potions of cancellation
 v - 3 potions of attraction {unknown}
 x - 2 potions of lignification {unknown}


   Skills:
 + Level 3.7 Fighting
 - Level 9.0 Polearms
 + Level 3.0 Armour
 + Level 3.0 Shields


You had 7 spell levels left.
You didn't know any spells.
Your spell library contained the following spells:

 Spells                   Type           Power      Damage    Failure   Level
 Animate Skeleton         Necr           0%         N/A       80%         1
 Freeze                   Ice            0%         1d3       80%         1
 Pain                     Necr           0%         1d4       80%         1
 Frozen Ramparts          Ice            0%         1d2       99%         3
 Vampiric Draining        Necr           0%         2d6       99%         3
 Hailstorm                Conj/Ice       0%         3d3       100%        4
 Conjure Ball Lightning   Conj/Air       0%         3x3d6     100%        6
 Discord                  Hex            0%         N/A       100%        8
 Disjunction              Tloc           0%         N/A       100%        8


Dungeon Overview and Level Annotations

Branches:
Dungeon (6/15)
 Temple: D:4-7

Altars:
Elyvilon
Nemelex Xobeh

Shops:
D:3 :


Innate Abilities, Weirdness & Mutations

Your serpentine skin is tough. (AC +2)
You have supernaturally acute eyesight. (SInv)
Armour fits poorly on your strangely shaped body.
Your system is resistant to poisons. (rPois)
You cover ground very slowly.
You can spit poison.
You have a snake-like lower body.


Message History

An adder comes into view.
The adder hisses angrily.
The adder moves out of view.
The splash of poison hits the adder!
The adder is severely wounded.
An adder is nearby!
You closely miss the adder.
The adder is severely wounded.
The adder bites you but does no damage.
You closely miss the adder.
The adder is severely wounded.
The adder bites you but does no damage.
You hit the adder.
You kill the adder!
You have got your breath back.
No target in view!
Found 17 arrows.
Found a white marble altar of Elyvilon.
An ogre comes into view. It is wielding a +0 giant club.
An ogre is nearby!
The ogre shouts!
The splash of poison hits the ogre but does no damage.
The ogre is poisoned.
You hit the ogre.
The ogre is lightly wounded.
The ogre hits you with a +0 giant club!!
You hit the ogre.
The ogre is lightly wounded.
You hit the ogre but do no damage.
The ogre is lightly wounded.
The ogre completely misses you.
You puncture the ogre!
The ogre is heavily wounded.
The ogre hits you with a +0 giant club!
You are too injured to fight recklessly!
You are too injured to fight recklessly!
You are too injured to fight recklessly!
You barely miss the ogre.
The ogre is heavily wounded.
The ogre hits you with a +0 giant club!!
You die...

#.......≈.≈§≈≈≈.≈..#
#..####.≈..........#
# #.≈≈≈≈≈≈≈≈≈..#
#............#
###.##...###.#
#.###...#..#
#....#....#
##........#
#.....@..# #
##....O...## #
#.........## #
##......#..## ##
##....#....#
#######.
##.#......###.......
###...........######
###.....)....####
###.......#....###


You could see an ogre (poisoned).

Vanquished Creatures
  A black bear (D:5)
  An orc warrior (D:5)
  2 sky beasts
  2 ogres
  A kobold brigand (D:6)
  A centaur zombie (D:6)
  3 orc priests
  A hound (D:3)
  2 iguanas (D:6)
  2 orc wizards
  3 gnolls (D:5)
  9 adders
  A shadow imp (D:5)
  A white imp (D:6)
  An ufetubus (D:5)
  5 worms
  4 dart slugs
  14 orcs
  2 ball pythons
  5 bats
  14 endoplasms
  A giant cockroach (D:4)
  14 goblins
  7 hobgoblins
  4 jackals
  7 kobolds
  2 quokkas (D:1)
  3 frilled lizards
  4 rats
117 creatures vanquished.

Notes
Turn   | Place    | Note
-------+----------+-------------------------------------------
     0 | D:1      | MisterFreud the Naga Fighter began the quest for the Orb.
     0 | D:1      | Reached XP level 1. HP: 21/21 MP: 1/1
   167 | D:1      | Reached XP level 2. HP: 28/28 MP: 2/2
   390 | D:1      | Reached skill level 3 in Polearms
   617 | D:1      | Reached XP level 3. HP: 26/34 MP: 3/3
  1270 | D:2      | Found a faded altar of an unknown god.
  1615 | D:2      | Reached skill level 4 in Polearms
  1615 | D:2      | Reached XP level 4. HP: 42/42 MP: 4/4
  1619 | D:2      | Found a sparkling altar of Nemelex Xobeh.
  1745 | D:3      | Found Vim Nub's Book Shop.
  2125 | D:3      | Noticed an ogre
  2134 | D:3      | Killed an ogre
  2135 | D:3      | Reached skill level 5 in Polearms
  2135 | D:3      | Reached XP level 5. HP: 46/49 MP: 5/5
  2647 | D:3      | Reached skill level 6 in Polearms
  2647 | D:3      | Reached XP level 6. HP: 8/56 MP: 6/6
  2649 | D:3      | HP: 2/84 [orc/+0 club (4)]
  3993 | D:4      | Reached skill level 7 in Polearms
  4744 | D:5      | Entered Level 5 of the Dungeon
  4784 | D:5      | Reached XP level 7. HP: 55/62 MP: 7/7
  4790 | D:5      | HP: 1/62 [gnoll/+0 halberd (14)]
  5248 | D:5      | Reached skill level 8 in Polearms
  5889 | D:5      | Reached XP level 8. HP: 33/69 MP: 8/8
  6090 | D:6      | Found a sparkling altar of Nemelex Xobeh.
  6100 | D:6      | Reached skill level 9 in Polearms
  6558 | D:6      | Found a white marble altar of Elyvilon.
  6590 | D:6      | Slain by an ogre

Illustrated notes

Levels and vault maps discovered:
D:1:      scummos_arrival_hexagon, layout_loops_corners, minivault_25
D:2:      layout_rooms, hellmonk_ecumenical_altar_inner_sanctum, basic_altar
D:3:      minmay_angry_zag, layout_basic, serial_shops,
          nicolae_shop_hallway_stairs, minmay_misc_feat_cross,
          kennysheep_pointless_box, minmay_goblin_kobold_house
D:4:      minmay_spotlight, layout_loops_ring, grunt_ministairs_6
D:5:      layout_basic
D:6:      layout_cave_pods, mainiacjoe_overflow_concentric_impassable,
          tso_altar, nemelex_xobeh_ov_fountains_minmay

Skill      XL: |  1  2  3  4  5  6  7  8 |
---------------+-------------------------+-----
Polearms       | 3 4 5 6 7 8 9 |  9.0
Armour         | 3 |  3.0
Shields        | 3 |  3.0
Fighting       | |  3.7

Action                   |  1- 3 |  4- 6 |  7- 9 || total
-------------------------+-------+-------+-------++-------
Melee: Trident           |    69 |   169 |   102 ||   340
 Abil: Spit Poison       |    21 |    37 |    18 ||    76
  Use: Potion            |       |     3 |     1 ||     4
       Scroll            |       |     9 |       ||     9
Armor: Scale mail        |    17 |    43 |    24 ||    84
Dodge: Dodged            |    16 |    42 |    27 ||    85
Block: Buckler           |    10 |    21 |     9 ||    40
